 Dungeon Crawl Stone Soup version 0.24-a0-779-g36f0aeb (webtiles) character file.

Game seed: 1336986142003922080, levelgen mode: deterministic

51 2tousent the Shield-Bearer (level 4, 0/35 HPs)
             Began as a Formicid Fighter on Oct 7, 2019.
             Slain by a gnoll
             ... wielding a +0 spear
              (2 damage)
             ... on level 1 of the Dungeon.
             The game lasted 00:05:23 (1108 turns).

2tousent the Shield-Bearer (Formicid Fighter)       Turns: 1108, Time: 00:05:24

Health: 0/35       AC:  6    Str: 20 (21) XL:     4   Next: 7%
Magic:  4/4        EV:  7    Int:  4 (7)  God:
Gold:   53         SH:  9    Dex: 10 (11) Spells: 3/3 levels left

rFire    . . .     SeeInvis +   a - +0 rapier
rCold    . . .     Gourm    .   c - +0 shield
rNeg     . . .     Faith    .   b - +0 scale mail
rPois    .         Spirit   .   (helmet unavailable)
rElec    .         Reflect  .   (no cloak)
rCorr    .         Harm     .   (no gloves)
MR       .....                  (no boots)
Stlth    +.........             (no amulet)
HPRegen  0.11/turn              (no ring)
MPRegen  0.09/turn              (no ring)

@: no status effects
A: permanent stasis, dig shafts and tunnels, four strong arms, antennae 3
a: Dig, Shaft Self


You were on level 1 of the Dungeon.
You were not hungry.

You visited 1 branch of the dungeon, and saw 2 of its levels.

You collected 53 gold pieces.

Inventory:

Hand Weapons
 a - a +0 rapier (weapon)
Armour
 b - a +0 scale mail (worn)
 c - a +0 shield (worn)
Potions
 d - a potion of might
 g - a potion of flight {unknown}
 h - a potion of heal wounds {unknown}
Comestibles
 f - 3 rations


   Skills:
 - Level 3.2 Fighting
 * Level 3.1 Short Blades
 - Level 3.2 Armour
 * Level 3.0 Stealth
 - Level 3.6 Shields


You had 3 spell levels left.
You didn't know any spells.
Your spell library was empty.

Dungeon Overview and Level Annotations

Branches:
Dungeon (2/15)

Altars:


Innate Abilities, Weirdness & Mutations

You cannot be hasted, slowed, berserked, paralysed or teleported.
You can dig through walls and to a lower floor.
Your four strong arms can wield two-handed weapons with a shield.
You have a pair of large antennae on your head. (SInv)


Message History

You see here a bat skeleton.
You block the gnoll's attack. The gnoll closely misses you.
You block the gnoll's attack.
You climb upwards.
There is a stone staircase leading down here.
You puncture the gnoll!
The gnoll is severely wounded.
You block the gnoll's attack. The gnoll hits you with a +0 spear!
You block the gnoll's attack. The gnoll hits you but does no damage.
Your shield and scale mail prevent you from hitting the gnoll.
The gnoll is severely wounded.
The gnoll hits you but does no damage. You block the gnoll's attack.
The gnoll completely misses you. The gnoll hits you with a +0 spear!
* * * LOW HITPOINT WARNING * * *
Unknown command.
It was a potion of degeneration.
There was something very wrong with that liquid.
You feel weakened.
You feel dopey.
You feel clumsy. You block the gnoll's attack.
The gnoll hits you with a +0 spear.
You die...

### #####.# ####.....#
#......#.# #.##.#.#.#
#####.##.#.#.#####
#gg..>##.#.#.....#
######@....##.#.#####.#
#....#.g..............#
#....#.....##..........
#.........###..........
#......................
#......................
#.....#.....#....#.....
#...........#)...##'#+#
#.....#.....+....##.#.'


You could see 3 gnolls.

Vanquished Creatures
  2 gnolls
  An adder (D:2)
  A dart slug (D:1)
  A leopard gecko (D:1)
  4 bats
  A goblin (D:1)
  2 hobgoblins (D:1)
  2 jackals (D:2)
  3 kobolds (D:1)
  5 rats
22 creatures vanquished.

Notes
Turn   | Place    | Note
-------+----------+-------------------------------------------
     0 | D:1      | 2tousent the Formicid Fighter began the quest for the Orb.
     0 | D:1      | Reached XP level 1. HP: 18/18 MP: 1/1
    41 | D:1      | Reached skill level 1 in Stealth
   211 | D:1      | Reached XP level 2. HP: 15/24 MP: 2/2
   633 | D:1      | Reached XP level 3. HP: 29/29 MP: 3/3
  1098 | D:2      | Reached XP level 4. HP: 21/35 MP: 4/4
  1108 | D:1      | Slain by a gnoll

Levels and vault maps discovered:
D:1:      lightli_arrival_boilingwater, layout_basic, serial_corexii_hall,
          corexii_hall_statues_x, corexii_hall_statues_deadend
D:2:      minmay_evil_eye, layout_rooms, zin_scriptorium,
          nicolae_dithmenos_shadow_blocks, minmay_misc_feat_square, tgw_xom

Skill      XL: |  1  2  3 |
---------------+----------+-----
Stealth        | 1 2 3 |  3.0
Short Blades   | 3 |  3.1
Fighting       | |  3.2
Armour         | |  3.2
Shields        | |  3.6

Action                   |  1- 3 |  4- 6 || total
-------------------------+-------+-------++-------
Melee: Rapier            |    99 |     2 ||   101
  Use: Potion            |       |     1 ||     1
  Eat: Chunk             |     1 |       ||     1
Armor: Scale mail        |    70 |     2 ||    72
Dodge: Dodged            |    57 |     4 ||    61
Block: Shield            |    69 |     9 ||    78

Table legend:
 A = Non-vault XP
 B = Vault XP
 C = Vault XP percentage of total XP
 D = Non-vault monster count
 E = Vault monster count
 F = Vault count percentage of total count
                 A         B        C        D         E       F
            +---------+---------+-------+---------+---------+-------
      Total |      74 |       0 |   0.0 |      22 |       0 |   0.0
            +---------+---------+-------+---------+---------+-------
        D:1 |      41 |       0 |   0.0 |      16 |       0 |   0.0
        D:2 |      33 |       0 |   0.0 |       6 |       0 |   0.0
            +---------+---------+-------+---------+---------+-------
